 Dungeon Crawl Stone Soup version 0.19.1-1-g22dce08 (webtiles) character file.

1530 Miant the Archer (level 9, -2/48 HPs)
             Began as a Kobold Hunter on Dec 30, 2016.
             Was a Believer of Okawaru.
             Slain by a troll (8 damage)
             ... on level 7 of the Dungeon on Jan 1, 2017.
             The game lasted 00:52:10 (7048 turns).

Miant the Archer (Kobold Hunter)                    Turns: 7048, Time: 00:52:10

Health: -2/48      AC:  6    Str:  9    XL:     9   Next: 10%
Magic:  10/10      EV: 15    Int: 12    God:    Okawaru [**....]
Gold:   277        SH:  6    Dex: 19    Spells: 0 memorised, 8 levels left

rFire  . . .     SeeInvis .     K - +0 shortbow
rCold  . . .     Gourm    .     M - +0 leather armour
rNeg   . . .     Faith    .     (shield currently unavailable)
rPois  .         Spirit   .     H - +0 helmet
rElec  .         Reflect  +     w - +0 cloak
rCorr  .         Harm     .     G - +0 pair of gloves
MR     .....                    (no boots)
Stlth  ++........               i - +6 amulet of reflection
                                (no ring)
                                (no ring)

@: no status effects
A: carnivore 3
a: Heroism, Renounce Religion


You were on level 7 of the Dungeon.
You worshipped Okawaru.
Okawaru was pleased with you.
You were very full.

You visited 1 branch of the dungeon, and saw 7 of its levels.

You collected 277 gold pieces.

Inventory:

Hand Weapons
 K - a +0 shortbow (weapon)
Missiles
 d - 36 arrows (quivered)
Armour
 w - a +0 cloak (worn)
 G - a +0 pair of gloves (worn)
 H - a +0 helmet (worn)
 M - a +0 leather armour (worn)
Jewellery
 i - a +6 amulet of reflection (around neck)
Wands
 C - a wand of lightning (10/15)
 J - a wand of polymorph (16/24)
Scrolls
 a - a scroll of remove curse {unknown}
 b - 2 scrolls of noise {unknown}
 c - a scroll of enchant weapon {unknown}
 g - 2 scrolls of immolation {unknown}
 j - 3 scrolls of blinking
 m - 2 scrolls of recharging
 r - a scroll of enchant armour {unknown}
 t - 2 scrolls of identify {unknown}
 x - 2 scrolls of amnesia {unknown}
 y - 2 scrolls of magic mapping {unknown}
 z - a scroll of fog {unknown}
 E - 2 scrolls of teleportation {unknown}
 N - a scroll of torment {unknown}
Potions
 e - 2 potions of cancellation
 h - a potion of heal wounds
 k - 3 potions of degeneration {unknown}
 n - 2 potions of might
 o - a potion of invisibility {unknown}
 u - a potion of haste {unknown}
 D - 3 potions of curing
Comestibles
 f - 5 meat rations
 v - a royal jelly
 A - 2 beef jerkies
 B - 2 slices of pizza


   Skills:
 - Level 2.1 Fighting
 + Level 11.2 Bows
 - Level 2.4 Dodging
 - Level 1.3 Stealth
 * Level 1.3 Evocations


You had 8 spell levels left.
You didn't know any spells.

Dungeon Overview and Level Annotations

Branches:
Dungeon (7/15)
 Temple: D:4-7

Altars:
Cheibriados
Dithmenos
Fedhas
Gozag
Hepliaklqana
Okawaru
Trog
Vehumet
Yredelemnul
Zin
The Shining One

Annotations:
D:6 Dowan, Duvessa


Innate Abilities, Weirdness & Mutations

You are small and have problems with some larger weapons.
You are carnivorous and can eat meat at any time.


Message History

You shoot an arrow. The arrow hits the troll.
The troll is lightly wounded.
The orc misses you. The troll bites you! The troll claws you!
You block the troll's attack.
Firing (i - inventory):
d - 38 arrows (quivered)
Press: ? - help, Shift-Dir - straight line, f/p - troll
Aim: a troll (lightly wounded)
You shoot an arrow. The arrow closely misses the troll.
The orc hits you but does no damage.
Firing (i - inventory):
d - 37 arrows (quivered)
Press: ? - help, Shift-Dir - straight line, f/p - troll
Aim: a troll (lightly wounded)
You shoot an arrow. The arrow hits the troll.
The troll is moderately wounded.
You block the troll's attack. The troll closely misses you. x2
The orc misses you. The orc closely misses you. The troll bites you!
* * * LOW HITPOINT WARNING * * *
You block the troll's attack. The troll claws you!
You die...

.( (# ##
(( .#
!###. (...
#)o#####..
#To......#
#@o(..#
#.....#
#....##
#.#### #.#
#.# ...
..#


You could see a troll and 3 orcs.

Vanquished Creatures
  An ice beast (D:5)
  5 ogres
  A centaur (D:5)
  A scorpion (D:5)
  A howler monkey (D:4)
  4 crimson imps
  A hound (D:6)
  2 jellies
  A quasit (D:5)
  3 orc priests
  2 bullfrog skeletons
  A centaur skeleton (D:6)
  An iguana (D:5)
  2 orc wizards
  4 worker ants
  8 adders
  7 gnolls
  2 river rats (D:6)
  An ooze (D:4)
  An adder skeleton (D:6)
  A worm (D:2)
  A dart slug (D:4)
  3 leopard geckos
  17 orcs
  2 ball pythons
  4 giant cockroaches
  5 goblins
  6 hobgoblins
  5 jackals
  3 kobolds
  4 quokkas
  2 bats
  6 frilled lizards
  A jackal skeleton (D:5)
  A quokka skeleton (D:6)
  A quokka zombie (D:6)
  8 rats
119 creatures vanquished.

Notes
Turn   | Place    | Note
-------+----------+-------------------------------------------
     0 | D:1      | Miant the Kobold Hunter began the quest for the Orb.
     0 | D:1      | Reached XP level 1. HP: 12/12 MP: 1/1
   194 | D:1      | Reached XP level 2. HP: 17/17 MP: 2/2
  1091 | D:2      | Reached skill level 5 in Bows
  1091 | D:2      | Reached XP level 3. HP: 21/21 MP: 3/3
  1187 | D:2      | Reached XP level 4. HP: 20/26 MP: 4/4
  1328 | D:2      | Found a glowing golden altar of the Shining One.
  1330 | D:2      | Found a blossoming altar of Fedhas.
  1335 | D:2      | Found a basalt altar of Yredelemnul.
  1932 | D:3      | Found an iron altar of Okawaru.
  1983 | D:3      | Reached skill level 6 in Bows
  1983 | D:3      | Reached XP level 5. HP: 14/30 MP: 5/5
  2190 | D:3      | Became a worshipper of Warmaster Okawaru
  2973 | D:4      | Reached XP level 6. HP: 35/35 MP: 6/6
  2980 | D:4      | Reached skill level 7 in Bows
  3063 | D:4      | Found a hazy altar of Hepliaklqana.
  3147 | D:4      | Found a bloodstained altar of Trog.
  3228 | D:4      | Noticed an ogre
  3237 | D:4      | Killed an ogre
  3480 | D:4      | Reached XP level 7. HP: 40/40 MP: 7/7
  3921 | D:5      | Entered Level 5 of the Dungeon
  3929 | D:5      | Reached skill level 8 in Bows
  4002 | D:5      | Reached * piety under Okawaru
  4135 | D:5      | Reached skill level 9 in Bows
  4585 | D:5      | Reached XP level 8. HP: 44/44 MP: 8/8
  5275 | D:5      | Reached ** piety under Okawaru
  5275 | D:5      | Reached skill level 10 in Bows
  6154 | D:6      | Found a glowing drain.
  6379 | D:6      | Reached skill level 11 in Bows
  6444 | D:6      | Found a snail-covered altar of Cheibriados.
  6444 | D:6      | Noticed Duvessa
  6444 | D:6      | Noticed Dowan
  6446 | D:6      | Found a shadowy altar of Dithmenos.
  6479 | D:6      | Found a radiant altar of Vehumet.
  6479 | D:6      | Found an opulent altar of Gozag.
  6481 | D:6      | Found a glowing silver altar of Zin.
  6583 | D:6      | Reached XP level 9. HP: 48/48 MP: 9/9
  6927 | D:7      | Noticed a troll
  6938 | D:6      | Reached skill level 1 in Evocations
  7048 | D:7      | Slain by a troll

Skill      XL: |  1  2  3  4  5  6  7  8  9 |
---------------+----------------------------+-----
Bows           | 5 6 7 9 11 | 11.2
Evocations     | 1 |  1.3
Fighting       | |  2.1
Dodging        | |  2.4
Stealth        | |  1.3

Action                   |  1- 3 |  4- 6 |  7- 9 || total
-------------------------+-------+-------+-------++-------
Melee: Shortbow          |       |       |     6 ||     6
 Fire: Shortbow          |    69 |   137 |   322 ||   528
Evoke: Wand              |       |       |     1 ||     1
  Use: Potion            |       |     1 |     5 ||     6
       Scroll            |       |       |     3 ||     3
  Eat: Chunk             |     9 |     7 |     9 ||    25
Armor: Leather armour    |     5 |     4 |    46 ||    55
       Skin              |       |       |    70 ||    70
Dodge: Dodged            |    10 |    26 |   105 ||   141
Block: Other             |     5 |    16 |    57 ||    78
       Reflection        |       |     2 |     1 ||     3
